[Event "*** Titled Tuesday Blitz"]
[Site "Chess.com"]
[Date "2020.10.27"]
[Round "6"]
[White "guillembaches"]
[Black "HanSchut"]
[Result "1-0"]
[WhiteElo "2396"]
[BlackElo "2222"]
[TimeControl "180+1"]
[EndTime "11:05:44 PDT"]
[Termination "guillembaches won by resignation"]

1. e4 c5 2. Nf3 d6 3. d4 cxd4 4. Nxd4 Nf6 5. Nc3 a6 6. Be2 e5 7. Nf3 Be7 8. Bg5 Nbd7 9. a4 b6 10. Nd2 Bb7 11. Nc4 Qc7 12. f3 O-O 13. Ne3 Rfe8 14.
O-O h6 15. Bxf6 Nxf6 16. Bc4 d5 17. Ncxd5 Nxd5 18. Bxd5 Bc5 19. Qd3 Rad8 20. c4 b5 21. axb5 axb5 22. b3 Qb6 23. Rfe1 bxc4 24. bxc4 Kh8 25.
Rab1 Bxe3+ 26. Rxe3 Qxe3+ 27. Qxe3 Bxd5 1-0

[Event "*** Titled Tuesday Blitz"]
[Site "Chess.com"]
[Date "2020.10.27"]
[Round "6"]
[White "Kavyev_Ruslan"]
[Black "chessmachine14"]
[Result "1-0"]
[WhiteElo "2581"]
[BlackElo "2350"]
[TimeControl "180+1"]
[EndTime "11:05:46 PDT"]
[Termination "Kavyev_Ruslan won by resignation"]

1. d4 Nf6 2. c4 g6 3. Nc3 Bg7 4. e4 d6 5. Be2 O-O 6. Be3 c5 7. d5 e6 8. Nf3 exd5 9. cxd5 Bg4 10. Nd2 Bxe2 11. Qxe2 Re8 12. O-O Na6 13. a4 Nc7 14. h3 a6 15. Rfb1 b5 16. axb5 axb5 17. Rxa8 Qxa8 18. Nxb5 Nxb5 19. Qxb5 Nxe4 20. Nxe4 Rxe4 21.
Qc6 Qxc6 22. dxc6 Re8 23. b4 cxb4 24. Rxb4 Bc3 25. Rb7 d5 26. Bf4 g5 27. c7 gxf4 28.
Rb8 Rxb8 29. cxb8=Q+ Kg7 30. Qxf4 Bf6 31. Qg4+ Kf8 32.
Qf5 Kg7 33. Qxd5 Bg5 34. Qxg5+ Kh8 35. Qf6+ Kg8 36. Kf1 h5 37. Ke2 h4 38. Kf3 Kh7 39. Kf4 Kg8 40. Kg5 Kh7 41. Qxf7+ Kh8 42. Qe7 Kg8 43.
Kg6 1-0

[Event "*** Titled Tuesday Blitz"]
[Site "Chess.com"]
[Date "2020.10.27"]
[Round "6"]
[White "parintele_chess"]
[Black "MarkEvgenievich"]
[Result "0-1"]
[WhiteElo "2148"]
[BlackElo "2312"]
[TimeControl "180+1"]
[EndTime "11:05:46 PDT"]
[Termination "MarkEvgenievich won by resignation"]

1. e4 c5 2. Nc3 Nc6 3. f4 g6 4.
Nf3 Bg7 5. g3 d6 6. Bg2 e6 7. O-O Nge7 8. d3 O-O 9. Be3 Nd4 10.
h3 Rb8 11. Ne2 Nxf3+ 12. Rxf3 Bxb2 13. Rb1 Bg7 14. g4 Nc6 15. Ng3 f5 16. gxf5 exf5 17. exf5 Bxf5 18. Nxf5 Rxf5 19. Rg3 Bd4 20. Kh2 Bxe3 21.
Rxe3 Rxf4 22. Bd5+ Kh8 23. Qe2 Nd4 24. Qg2 Qf6 25. Kg1 b6 26. Rbe1 Rf8 27. Re8 Rf5 28. c3 Nf3+ 29. Bxf3 Rxf3 30. c4 Kg7 31. R1e7+ Rf7 32.
Qe2 Rf1+ 33. Kg2 Rf2+ 0-1

[Event "*** Titled Tuesday Blitz"]
[Site "Chess.com"]
[Date "2020.10.27"]
[Round "6"]
[White "MrChampion_Coach"]
[Black "natelleka"]
[Result "1-0"]
[WhiteElo "2425"]
[BlackElo "2196"]
[TimeControl "180+1"]
[EndTime "11:05:47 PDT"]
[Termination "MrChampion_Coach won on time"]

1. d4 d5 2. c4 c5 3. Nc3 cxd4 4. Qxd4 Nc6 5. Qxd5 Be6 6. Qb5 a6 7. Qa4 b5 8. cxb5 axb5 9. Qxb5 Qd7 10. Nf3 Ra5 11.
Qb6 Nf6 12. e4 g6 13. Bb5 Rxb5 14. Nxb5 Bg7 15. Nc7+ Kf8 16. O-O Nxe4 17. Re1 f5 18.
Nxe6+ Qxe6 19. Ng5 Qd5 20. Nxe4 fxe4 21. Be3 Kf7 22. Rad1 Qe6 23. Rc1 Rc8 24. Qb7 Bf6 25. b4 1-0

[Event "*** Titled Tuesday Blitz"]
[Site "Chess.com"]
[Date "2020.10.27"]
[Round "6"]
[White "UCantHandleDenker"]
[Black "Pultis"]
[Result "0-1"]
[WhiteElo "2504"]
[BlackElo "2716"]
[TimeControl "180+1"]
[EndTime "11:05:50 PDT"]
[Termination "Pultis won by resignation"]

1. Nf3 Nf6 2. g3 g6 3. Bg2 Bg7 4. O-O O-O 5. d3 d6 6. Nbd2 Nbd7 7. e4 e5 8. a4 Re8 9. Nc4 a5 10. b3 b6 11. Bb2 Ba6 12. Rb1 Bxc4 13. bxc4 Nc5 14. Ra1 Qd7 15. c3 h6 16. Qc2 Nh7 17. Bc1 f6 18. Be3 Ng5 19. Nh4 Kh7 20. f4 Nf7 21. f5 g5 22. Ng6 Red8 23. Bf3 c6 24.
Rab1 Rab8 25. d4 Na6 26. Qg2 c5 27. d5 Qxa4 28. Qh3 Qxc4 29. Qh5 Qxc3 30. Rfe1 Nb4 31. Ne7 Nh8 32. Bg4 a4 33. h4 Nc2 34. Bxg5 Nxe1 35. Kh2 Qc2+ 36. Be2 Qxe4 37. Rxe1 Rb7 38. Ng6 fxg5 39.
hxg5 Qxf5 40. Nxh8 Kxh8 41. Rf1 Qxg5 42. Qxg5 hxg5 43.
Bg4 a3 44. Kg2 Bh6 0-1

[Event "*** Titled Tuesday Blitz"]
[Site "Chess.com"]
[Date "2020.10.27"]
[Round "6"]
[White "Lagmantr"]
[Black "Zhuu96"]
[Result "0-1"]
[WhiteElo "2743"]
[BlackElo "2889"]
[TimeControl "180+1"]
[EndTime "11:05:55 PDT"]
[Termination "Zhuu96 won by checkmate"]

1. e4 g6 2. g3 Bg7 3. Bg2 c5 4. Ne2 Nc6 5. O-O d6 6. d3 Rb8 7. Nbc3 b5 8. Be3 b4 9. Na4 Qa5 10. c3 Ba6 11. f4 Bb5 12. b3 bxc3 13. Rc1 Bxa4 14. bxa4 Nh6 15. d4 Ng4 16. e5 Nxe3 17. Bxc6+ Kf8 18. Qd3 Nxf1 19. Rxf1 cxd4 20. exd6 exd6 21.
f5 Qe5 22. fxg6 hxg6 23. Qxg6 f6 24. Nf4 Rb2 25. Bg2 c2 26. Nd3 Qe3+ 27. Kh1 Rb1 28. Bd5 Rxf1+ 29. Kg2 Qg1# 0-1

[Event "*** Titled Tuesday Blitz"]
[Site "Chess.com"]
[Date "2020.10.27"]
[Round "6"]
[White "WildTricks"]
[Black "pfalcon1949"]
[Result "1-0"]
[WhiteElo "2402"]
[BlackElo "2016"]
[TimeControl "180+1"]
[EndTime "11:05:57 PDT"]
[Termination "WildTricks won on time"]

1. e4 c6 2. d4 d5 3. Nc3 dxe4 4.
Nxe4 Nf6 5. Nxf6+ exf6 6. c3 Bd6 7. Bd3 O-O 8. Qc2 Re8+ 9. Ne2 h5 10. Be3 Be6 11. O-O-O Nd7 12. Kb1 Rc8 13. Ng3 h4 14.
Nf5 Nf8 15. Nxh4 b5 16. h3 Qa5 17. b3 c5 18. dxc5 Bxc5 19. Bxc5 Rxc5 20. b4 Bxa2+ 21. Qxa2 Qxa2+ 22. Kxa2 Rxc3 23. Kb2 Rc7 24. Rhe1 Rb8 25. Bf5 Rc4 26. Re4 Rbc8 27. Rxc4 Rxc4 28. g3 Rxb4+ 29. Ka3 Ra4+ 30. Kb3 g6 31. Bd7 a6 32. Bc6 Rc4 33. Bd5 Rc5 34. Kb4 Rc2 35. f4 Kg7 36.
Bb3 Rb2 37. Rd3 a5+ 38. Kxa5 1-0

[Event "*** Titled Tuesday Blitz"]
[Site "Chess.com"]
[Date "2020.10.27"]
[Round "6"]
[White "WanderingPuppet"]
[Black "bangchess21"]
[Result "1-0"]
[WhiteElo "2514"]
[BlackElo "2688"]
[TimeControl "180+1"]
[EndTime "11:06:00 PDT"]
[Termination "WanderingPuppet won by resignation"]

1. e4 c6 2. Nc3 d5 3. Nf3 Nf6 4. e5 Ne4 5. d4 Nxc3 6. bxc3 c5 7. Bd3 Nc6 8. Rb1 e6 9. O-O Be7 10.
Re1 O-O 11. h3 Qa5 12. Bd2 c4 13. Be2 f6 14. exf6 Bxf6 15. Nh2 Qc7 16. Bg4 e5 17. dxe5 Bxe5 18. Nf3 Bxg4 19. hxg4 Rad8 20. Re2 b6 21. Qe1 Bf4 22. Rd1 Rd7 23. Re8 Bd6 24. Qe6+ Kh8 25. Ng5 Nd8 26. Qf5 g6 27. Rxf8+ Kg7 28. Qf6+ Kh6 29.
Ne6+ 1-0

[Event "*** Titled Tuesday Blitz"]
[Site "Chess.com"]
[Date "2020.10.27"]
[Round "6"]
[White "Arseniy_Nesterov"]
[Black "manitodeplomo"]
[Result "1-0"]
[WhiteElo "2807"]
[BlackElo "2644"]
[TimeControl "180+1"]
[EndTime "11:06:01 PDT"]
[Termination "Arseniy_Nesterov won by resignation"]

1. d4 c5 2. d5 g6 3. c4 Bg7 4. e4 d6 5. Nc3 e6 6. Nf3 exd5 7. exd5 Bg4 8. h3 Bxf3 9. Qxf3 Nd7 10.
Qd1 Nh6 11. Bd3 O-O 12. O-O Ne5 13. Bf4 f5 14. Re1 a6 15. Qd2 Qh4 16. Bg5 Qd4 17. Bf1 f4 18. Qxd4 cxd4 19. Ne4 d3 20. Nxd6 f3 21. Bxh6 Bxh6 22. Rxe5 Bg7 23. Re3 fxg2 24.
Bxd3 Bxb2 25. Rb1 Bd4 26. Re2 Rf3 27. Be4 Rxh3 28. Bxg2 Rh4 29. Nxb7 Rf8 30. d6 Rhf4 31. d7 Bxf2+ 32. Rxf2 Rxf2 33. d8=Q 1-0

[Event "*** Titled Tuesday Blitz"]
[Site "Chess.com"]
[Date "2020.10.27"]
[Round "6"]
[White "maximnovik"]
[Black "A-Fier"]
[Result "0-1"]
[WhiteElo "2519"]
[BlackElo "2777"]
[TimeControl "180+1"]
[EndTime "11:06:03 PDT"]
[Termination "A-Fier won by resignation"]

1. d4 Nf6 2. c4 c5 3. d5 e6 4. Nc3 exd5 5. cxd5 d6 6. e4 g6 7. h3 Bg7 8. Nf3 Nbd7 9. Bd3 a6 10. a4 Nh5 11. O-O Ne5 12. Bc2 O-O 13. Nxe5 Bxe5 14. f4 Bd4+ 15. Kh2 Rb8 16. Qf3 b5 17. axb5 axb5 18.
Ne2 Bg7 19. g4 Nf6 20. Ng3 Nd7 21. g5 c4 22. h4 b4 23. h5 b3 24. Bb1 Qc7 25.
h6 Bh8 26. Bd2 Bxb2 27. Bc3 Bxa1 28. Bxa1 b2 29. Qc3 bxa1=Q 30. Qxa1 c3 31. Rc1 Qb6 32.
Rc2 Qxb1 33. Qxc3 f6 34. e5 Rb3 35. Qc6 Rb2 36. Rxb2 Qxb2+ 37. Kg1 Qb6+ 0-1

[Event "*** Titled Tuesday Blitz"]
[Site "Chess.com"]
[Date "2020.10.27"]
[Round "6"]
[White "FontVella8"]
[Black "MoreChessJulia"]
[Result "1-0"]
[WhiteElo "2483"]
[BlackElo "2052"]
[TimeControl "180+1"]
[EndTime "11:06:03 PDT"]
[Termination "FontVella8 won by resignation"]

1. e4 c5 2. Nf3 d6 3. d4 cxd4 4. Qxd4 Nf6 5. Be2 Nc6 6. Qe3 e6 7. c4 Be7 8. O-O O-O 9. Rd1 a6 10. Nc3 Qc7 11. h3 b6 12. b3 Bb7 13. Bb2 Rac8 14.
Rd2 Qb8 15. Rad1 Rfd8 16. g4 Qa8 17. Nh2 Ne5 18. f4 Ned7 19. Bf3 Nc5 20. e5 dxe5 21. fxe5 Nfe4 22. Rxd8+ Rxd8 23. Rxd8+ Bxd8 24. b4 Nxc3 25. Bxc3 Nd7 26. Bd4 Bxf3 27. Qxf3 Qxf3 28. Nxf3 Bc7 29. Kf2 Kf8 30. Ke3 h6 31. b5 a5 32. a4 Bd8 33. Nd2 Be7 34. Ne4 f5 35. gxf5 exf5 36. e6 fxe4 37. exd7 Bd8 38. Kxe4 g6 39. Kd5 Ke7 40.
Kc6 g5 41. Be3 Ke6 42. c5 bxc5 43. Bxc5 h5 44. b6 g4 45. b7 1-0

[Event "*** Titled Tuesday Blitz"]
[Site "Chess.com"]
[Date "2020.10.27"]
[Round "6"]
[White "maxip32"]
[Black "Dream2World_Number1"]
[Result "1-0"]
[WhiteElo "2406"]
[BlackElo "2062"]
[TimeControl "180+1"]
[EndTime "11:06:05 PDT"]
[Termination "maxip32 won by resignation"]

1. e4 e5 2. Nf3 Nc6 3. Bc4 Nf6 4. d3 Bc5 5. O-O O-O 6. a4 a5 7. Nbd2 d5 8. exd5 Nxd5 9. Re1 Nb6 10. Bb3 Bg4 11.
Ne4 Bd6 12. c3 h6 13. Ng3 e4 14. Rxe4 Ne5 15. Bf4 Nxf3+ 16. gxf3 Bd7 17. Bxd6 cxd6 18.
d4 d5 19. Re5 Be6 20. Bc2 Nd7 21. Qd3 Nf6 22. Rae1 Re8 23. f4 Ng4 24. Qh7+ Kf8 25. Qh8+ Ke7 26. Rxe6+ fxe6 27. Qxg7+ Kd6 28. Qxg4 Rg8 29.
Qxe6+ Kc7 30. Qf7+ Kb6 31. Re7 Ka7 1-0

[Event "*** Titled Tuesday Blitz"]
[Site "Chess.com"]
[Date "2020.10.27"]
[Round "6"]
[White "SantoBlue"]
[Black "Joshukid"]
[Result "1-0"]
[WhiteElo "2844"]
[BlackElo "2698"]
[TimeControl "180+1"]
[EndTime "11:06:07 PDT"]
[Termination "SantoBlue won by resignation"]

1. e4 g6 2. d4 Bg7 3. Nf3 c6 4.
Bd3 d5 5. Nbd2 dxe4 6. Nxe4 Nf6 7. Nxf6+ exf6 8. h3 O-O 9. O-O f5 10. c3 Nd7 11. Re1 Nf6 12. Bg5 h6 13. Bf4 Be6 14. Ne5 Re8 15. Qc2 Bd5 16. Re2 Qb6 17. Rae1 Rad8 18.
Nc4 Rxe2 19. Rxe2 Bxc4 20. Bxc4 Nd5 21. Be5 Bxe5 22. Rxe5 Qc7 23. Qb3 Qd7 24. Qa3 a6 25. Bxd5 cxd5 26. Qc5 Qd6 27. Qxd6 Rxd6 28. Kf1 Kf8 29.
Ke1 f6 30. Re2 f4 31. f3 Kf7 32. Kd1 Re6 33. Rxe6 Kxe6 34. Kd2 f5 35. Kd3 g5 36. b3 Kd6 37. c4 Kc6 38. Kc3 a5 39. Kd3 b5 40.
cxb5+ Kxb5 41. Kc3 a4 42. a3 h5 43. Kb2 g4 44. h4 Ka5 45. bxa4 Kxa4 46. Ka2 Ka5 47.
Kb3 Kb5 48. a4+ Ka5 49. Ka3 Ka6 50. Kb4 Kb6 51. a5+ Kc6 52. Ka4 1-0

[Event "*** Titled Tuesday Blitz"]
[Site "Chess.com"]
[Date "2020.10.27"]
[Round "6"]
[White "dropstoneDP"]
[Black "Semen_Khanin"]
[Result "0-1"]
[WhiteElo "2949"]
[BlackElo "2776"]
[TimeControl "180+1"]
[EndTime "11:06:09 PDT"]
[Termination "Semen_Khanin won by resignation"]

1. c4 e5 2. Nc3 Nf6 3. Nf3 Nc6 4. h3 g6 5. e3 Bg7 6. d4 exd4 7. exd4 O-O 8. d5 Re8+ 9. Be3 Ne5 10. Nxe5 Rxe5 11. Bd3 d6 12. O-O Re8 13. Bg5 h6 14.
Bh4 Bd7 15. Qf3 g5 16. Bg3 Qe7 17. Bf5 Bxf5 18. Qxf5 Qd7 19. Qf3 a6 20. a4 Re7 21.
Rfe1 Rae8 22. Rxe7 Qxe7 23. a5 Ne4 24. Nxe4 Qxe4 25.
Qb3 Qe2 26. Rb1 Bd4 27. Qxb7 Qd3 28. Rf1 Qxg3 29. Qxa6 Bxf2+ 30. Kh1 Bc5 31. b4 Re2 32. Qc8+ Kg7 33. Qg4 Qxg4 34. hxg4 Bxb4 35. Ra1 Re1+ 36. Rxe1 Bxe1 37. a6 Bf2 38. g3 Kf6 39. Kg2 Bc5 0-1

[Event "*** Titled Tuesday Blitz"]
[Site "Chess.com"]
[Date "2020.10.27"]
[Round "6"]
[White "niki_2003"]
[Black "garfio2017"]
[Result "1-0"]
[WhiteElo "1887"]
[BlackElo "2254"]
[TimeControl "180+1"]
[EndTime "11:06:10 PDT"]
[Termination "niki_2003 won by resignation"]

1. d4 Nf6 2. c4 g6 3. Nc3 Bg7 4. e4 O-O 5. Nf3 d6 6. Be2 e5 7. O-O Nc6 8. d5 Ne7 9. b4 a5 10. bxa5 Rxa5 11. a4 Nd7 12. Ba3 b6 13. Bb4 Ra8 14.
a5 bxa5 15. Bxa5 Nb6 16. Bxb6 Rxa1 17. Qxa1 cxb6 18. Rb1 Bg4 19. Qa7 Nc8 20. Qa3 f5 21. h3 Bxf3 22. Bxf3 Qc7 23. Qb4 h5 24. exf5 gxf5 25.
Nb5 Qd8 26. Bxh5 e4 27. Qd2 Qh4 28. Bd1 Be5 29. Qe3 Ne7 30. Nc7 Ng6 31. Ne6 Ra8 32.
g3 Qxh3 33. Qg5 Kh7 34. Rxb6 Qh6 35. Rb7+ Kh8 36. Qxh6+ 1-0

[Event "*** Titled Tuesday Blitz"]
[Site "Chess.com"]
[Date "2020.10.27"]
[Round "6"]
[White "Chernobay_Artem"]
[Black "geordie_derraugh"]
[Result "1-0"]
[WhiteElo "2608"]
[BlackElo "2415"]
[TimeControl "180+1"]
[EndTime "11:06:11 PDT"]
[Termination "Chernobay_Artem won on time"]

1. d4 Nf6 2. c4 e6 3. Nc3 Bb4 4. e3 O-O 5. Ne2 Re8 6. a3 Bf8 7. Ng3 d5 8. cxd5 exd5 9. Bd3 g6 10. O-O h5 11. h3 c5 12. dxc5 Bxc5 13. b4 Bd6 14. Bb2 Bxg3 15. fxg3 Rxe3 16. Qd2 d4 17. Ne2 Nc6 18. Nxd4 Rxg3 19. Nxc6 bxc6 20. Bxf6 Qxd3 21.
Rae1 Be6 22. Qh6 Rxg2+ 23. Kxg2 Qxh3+ 24. Kf2 1-0

[Event "*** Titled Tuesday Blitz"]
[Site "Chess.com"]
[Date "2020.10.27"]
[Round "6"]
[White "Ginger_GM"]
[Black "Ze-Pequeno"]
[Result "1-0"]
[WhiteElo "2580"]
[BlackElo "2324"]
[TimeControl "180+1"]
[EndTime "11:06:11 PDT"]
[Termination "Ginger_GM won on time"]

1. e4 e5 2. f4 exf4 3. Bc4 Qh4+ 4. Kf1 Nf6 5. Nc3 c6 6. Nf3 Qh5 7. Qe2 d6 8. d4 g5 9. e5 dxe5 10. Qxe5+ Be7 11. Nxg5 O-O 12. Bxf4 Qg4 13. Re1 Nbd7 14. Qe3 Bb4 15. h3 Qf5 16. Bd3 Qa5 17. Be5 1-0

[Event "*** Titled Tuesday Blitz"]
[Site "Chess.com"]
[Date "2020.10.27"]
[Round "6"]
[White "chessasuke"]
[Black "swimmerchess"]
[Result "0-1"]
[WhiteElo "2600"]
[BlackElo "2808"]
[TimeControl "180+1"]
[EndTime "11:06:12 PDT"]
[Termination "swimmerchess won by resignation"]

1. d4 Nf6 2. Nf3 g6 3. c4 Bg7 4.
Nc3 O-O 5. e4 d6 6. Be2 e5 7.
O-O Nc6 8. d5 Ne7 9. b4 Nh5 10.
Re1 f5 11. Ng5 Nf6 12. Bf3 Rb8 13. a4 h6 14. Ne6 Bxe6 15. dxe6 Qc8 16. Nd5 Qxe6 17.
Nxc7 Qxc4 18. Nb5 Nxe4 19. Bxe4 fxe4 20. Nxd6 Qxb4 21. Ba3 Qb6 22. Nxe4 Rfd8 23. Qg4 Nf5 24. Rab1 Qc6 25. Rec1 Qe6 26. Nc5 Qf7 27. a5 b6 28.
axb6 axb6 29. Ne4 b5 30. Bc5 Kh7 31. g3 Qd5 32. h4 h5 33. Qe2 Qd3 34. Ng5+ Kg8 35.
Qa2+ Qd5 36. Qe2 Rdc8 37. Rxb5 Nd4 38. Qb2 Rxb5 39. Qxb5 Nxb5 0-1

[Event "*** Titled Tuesday Blitz"]
[Site "Chess.com"]
[Date "2020.10.27"]
[Round "6"]
[White "Sharpchess22"]
[Black "ChessWarrior7197"]
[Result "0-1"]
[WhiteElo "2766"]
[BlackElo "2981"]
[TimeControl "180+1"]
[EndTime "11:06:14 PDT"]
[Termination "ChessWarrior7197 won by resignation"]

1. c4 c6 2. Nf3 d5 3. e3 Nf6 4.
Nc3 e6 5. Qc2 Bd6 6. Be2 O-O 7.
d4 Nbd7 8. O-O dxc4 9. Bxc4 b5 10. Be2 Bb7 11. Rd1 Qe7 12. e4 e5 13. dxe5 Nxe5 14. Nd4 Neg4 15. g3 Bc5 16. h3 Nxf2 17.
Kxf2 Rad8 18. Be3 b4 19. Na4 Nxe4+ 20. Kg2 Bxd4 21. Rxd4 Rxd4 22. Bxd4 c5 23. Bg1 Qe5 24. Qd3 c4 25. Qe3 Nc3+ 26. Kf1 Qf5+ 27. Ke1 Nxa4 28. b3 Nc3 29. bxc4 Bc6 30. Bd3 Qxh3 31. Rc1 Re8 0-1

[Event "*** Titled Tuesday Blitz"]
[Site "Chess.com"]
[Date "2020.10.27"]
[Round "6"]
[White "FloMaster111"]
[Black "saraswathii"]
[Result "1-0"]
[WhiteElo "2621"]
[BlackElo "2387"]
[TimeControl "180+1"]
[EndTime "11:06:15 PDT"]
[Termination "FloMaster111 won by resignation"]

1. e4 c5 2. c3 Nf6 3. d3 e6 4. f4 d5 5. e5 Nfd7 6. Nf3 Nc6 7. Be2 g6 8. O-O Bg7 9. Na3 a6 10. Nc2 O-O 11. d4 cxd4 12. cxd4 f6 13. b4 fxe5 14. fxe5 Qb6 15. Kh1 Qc7 16. Bg5 Nb6 17. Ne3 Nxb4 18. Rc1 Nc6 19. Ng4 Nd7 20. Qd2 Qa5 21.
Qxa5 Nxa5 22. Be7 Rf7 23. Bd6 Nc6 24. Bd3 Rxf3 25. Rxf3 Nxd4 26. Rf2 Nc6 27. Rcf1 Ndxe5 28. Nxe5 Nxe5 29. Bxe5 Bxe5 30. Rf8+ Kg7 31. Re8 Bf6 32. Rc1 1-0

[Event "*** Titled Tuesday Blitz"]
[Site "Chess.com"]
[Date "2020.10.27"]
[Round "6"]
[White "Omk124"]
[Black "Keures"]
[Result "1-0"]
[WhiteElo "2410"]
[BlackElo "2223"]
[TimeControl "180+1"]
[EndTime "11:06:15 PDT"]
[Termination "Omk124 won by resignation"]

1. e4 e6 2. d4 d5 3. Nd2 Nf6 4. e5 Ne4 5. Nxe4 dxe4 6. Bc4 a6 7. Ne2 c5 8. c3 Nc6 9. O-O Be7 10.
Be3 cxd4 11. cxd4 O-O 12. Ng3 b5 13. Bb3 Bb7 14. Bc2 Bg5 15. Bxg5 Qxg5 16. Nxe4 Qh4 17. Nd6 Nd8 18. g3 Qh3 19. Nxb7 Nxb7 20. Be4 Rab8 21.
Qf3 Na5 22. b3 f5 23. exf6 Rxf6 24. Qd3 Nb7 25. Bg2 Qh6 26. d5 Rd8 27. Rfe1 Qg5 28. f4 Qg4 29. Rad1 h5 30. Qe3 Nd6 31. dxe6 h4 32. Rxd6 Rxd6 33. e7 Rfe6 34. e8=Q+ Rxe8 35. Qxe8+ Kh7 36. Qe4+ Kg8 37. Qf3 Qf5 38. Qa8+ Kh7 39. Be4 1-0

[Event "*** Titled Tuesday Blitz"]
[Site "Chess.com"]
[Date "2020.10.27"]
[Round "6"]
[White "beto-betun"]
[Black "LogoCzar"]
[Result "1/2-1/2"]
[WhiteElo "2203"]
[BlackElo "2364"]
[TimeControl "180+1"]
[EndTime "11:06:15 PDT"]
[Termination "Game drawn by agreement"]

1. d4 d5 2. Nf3 Nf6 3. c4 c6 4. Nc3 e6 5. g3 dxc4 6. a4 Bb4 7. Bg2 Nbd7 8. O-O O-O 9. Qc2 Nd5 10. e4 Nxc3 11. bxc3 Be7 12. Be3 b5 13. axb5 cxb5 14. Rfb1 a6 15. Rxb5 axb5 16. Rxa8 Qc7 17. Qb1 Qc6 18.
Ra1 Bb7 19. Nd2 Nb6 20. Ra5 b4 21. d5 exd5 22. exd5 Qc7 23. d6 Bxd6 24. Bxb7 Qxb7 25. Rb5 Bc7 26. Rxb4 Qd5 27. Rb5 Qd7 28. Rxb6 Bxb6 29.
Qxb6 Rc8 30. Bd4 f6 31. Nf3 Qd5 32. Kg2 Re8 33. h3 h5 34. Qc5 Qxc5 35. Bxc5 Kf7 36. Nd4 g5 37. Nc2 Ke6 38. Ne3 f5 39. Bd4 Rc8 40. g4 hxg4 41. hxg4 fxg4 42. Kg3 1/2-1/2

[Event "*** Titled Tuesday Blitz"]
[Site "Chess.com"]
[Date "2020.10.27"]
[Round "6"]
[White "YoungUzbek"]
[Black "FairChess_on_YouTube"]
[Result "0-1"]
[WhiteElo "2766"]
[BlackElo "2978"]
[TimeControl "180+1"]
[EndTime "11:06:17 PDT"]
[Termination "FairChess_on_YouTube won by resignation"]

1. d4 Nf6 2. Bg5 Ne4 3. Bh4 c5 4.
Nd2 Nxd2 5. Qxd2 cxd4 6. Nf3 Nc6 7. Nxd4 Qb6 8. Nb3 g6 9. Qc3 Qb4 10. Qxb4 Nxb4 11. Kd2 d6 12. c3 Nd5 13. e4 Bh6+ 14. Kc2 Nb6 15. a4 a6 16. Nd4 e5 17.
Nf3 f5 18. a5 Nd7 19. exf5 Nc5 20. b4 Bxf5+ 21. Kb2 Nd3+ 22. Kb3 Rc8 23. Rd1 Be6+ 24. Kc2 Nxb4+ 25. Kb2 Nd5 26. c4 Nf4 27. Rxd6 O-O 28.
Nxe5 Bg7 29. Kb3 Bxe5 30. Rb6 Bd4 31. Rd6 Bc5 32. Rd2 b5 33. axb6 Rb8 34. g3 Rxb6+ 35.
Ka2 Nh3 36. f4 Nf2 37. Rg1 Ne4 0-1

[Event "*** Titled Tuesday Blitz"]
[Site "Chess.com"]
[Date "2020.10.27"]
[Round "6"]
[White "sokidze"]
[Black "googlegoom"]
[Result "1-0"]
[WhiteElo "2611"]
[BlackElo "2382"]
[TimeControl "180+1"]
[EndTime "11:06:17 PDT"]
[Termination "sokidze won by resignation"]

1. e4 c5 2. Nf3 Nc6 3. d4 cxd4 4. Nxd4 Qb6 5. Nb5 a6 6. Be3 Qd8 7. N5c3 e6 8. Nd2 d6 9. g3 Nf6 10. Bg2 Qc7 11. O-O Be7 12. h3 O-O 13. a4 Ne5 14. Qe2 Rd8 15. f4 Ned7 16. a5 Rb8 17. Nc4 Re8 18.
Nb6 Nc5 19. Rfd1 Bf8 20. Rac1 h5 21. Qf2 Ncd7 22. Nca4 Nxb6 23. Nxb6 Bd7 24. e5 dxe5 25. fxe5 Qxe5 26. Nxd7 Nxd7 27. Rxd7 Qxa5 28. Qxf7+ Kh8 29. Rf1 Qe5 30. Bd4 Qxg3 31. Qxh5+ Kg8 32. Rxf8+ 1-0

[Event "*** Titled Tuesday Blitz"]
[Site "Chess.com"]
[Date "2020.10.27"]
[Round "6"]
[White "MartinMatthiesen"]
[Black "IngOscarArdila"]
[Result "1-0"]
[WhiteElo "2420"]
[BlackElo "2168"]
[TimeControl "180+1"]
[EndTime "11:06:17 PDT"]
[Termination "MartinMatthiesen won by resignation"]

1. d4 Nf6 2. c4 g6 3. Nc3 Bg7 4. e4 d6 5. Nf3 O-O 6. Be2 Nbd7 7. Be3 Ng4 8. Bg5 h6 9. Bh4 g5 10. Bg3 e5 11. d5 Nc5 12. Nd2 Nf6 13. h4 g4 14. b4 Na6 15. a3 h5 16. f3 c6 17. Rc1 Nc7 18. f4 exf4 19. Bxf4 Re8 20. Bg5 cxd5 21. cxd5 Qe7 22. O-O Qe5 23. Nc4 Qe7 24. e5 dxe5 25. d6 Qe6 26. dxc7 Nh7 27.
Nd6 Rf8 28. Bc4 Qg6 29. Nxf7 Be6 30. Bxe6 Qxe6 31. Nd6 Rxf1+ 32. Qxf1 Qxd6 33. Qc4+ Kh8 34. c8=Q+ Rxc8 35. Qxc8+ Nf8 36. Rd1 Qb6+ 37. Kh2 e4 38. Be7 Qf2 39. Nxe4 Be5+ 40. Kh1 Bg7 41. Nxf2 1-0

[Event "*** Titled Tuesday Blitz"]
[Site "Chess.com"]
[Date "2020.10.27"]
[Round "6"]
[White "ENajer77"]
[Black "mishanick"]
[Result "0-1"]
[WhiteElo "2686"]
[BlackElo "2987"]
[TimeControl "180+1"]
[EndTime "11:06:18 PDT"]
[Termination "mishanick won on time"]

1. e4 c5 2. Nf3 d6 3. d4 cxd4 4. Nxd4 Nf6 5. Nc3 a6 6. Bd3 e5 7.
Nde2 Be7 8. O-O Be6 9. f4 exf4 10.
Nxf4 Nc6 11. Nxe6 fxe6 12. Bc4 Qc8 13. a3 Ne5 14. Bb3 b5 15. Bf4 Nc4 16. Bxc4 Qxc4 17. Bxd6 Rd8 18. e5 Bxd6 19. exd6 O-O 20. Kh1 Qc6 21.
Qe2 Rxd6 22. Rad1 Rxd1 23. Rxd1 Re8 24. Qe5 Ng4 25. Qg3 Nf6 26. Qd6 Rc8 27. Kg1 h6 28. h3 Kf7 29. Kh2 Rc7 30. Qf4 Ke7 31. a4 bxa4 32.
Ra1 Rb7 33. Rxa4 Rxb2 34. Qd4 Rxc2 35. Qb4+ Kf7 0-1

[Event "*** Titled Tuesday Blitz"]
[Site "Chess.com"]
[Date "2020.10.27"]
[Round "6"]
[White "BikingBrian"]
[Black "chesstrainer2042"]
[Result "1-0"]
[WhiteElo "2273"]
[BlackElo "2399"]
[TimeControl "180+1"]
[EndTime "11:06:20 PDT"]
[Termination "BikingBrian won by resignation"]

1. d4 d5 2. Bf4 Nf6 3. e3 e6 4.
Nd2 Bd6 5. Bg3 c5 6. c3 Qc7 7.
Ngf3 Nbd7 8. dxc5 Qxc5 9. Bxd6 Qxd6 10. Bb5 O-O 11. O-O Nc5 12. Nc4 Qc7 13. Nce5 a6 14.
Be2 b5 15. Qd4 Bb7 16. Qf4 Rac8 17. Nd4 Nfe4 18. f3 Nd6 19. Nd3 Na4 20. Rac1 Qe7 21. Qg3 f6 22. Bd1 e5 23. Bxa4 bxa4 24. Ne2 a5 25. b3 Ba6 26. Rfd1 Qa7 27. Qf2 axb3 28. axb3 Rc7 29. Nb2 Bb7 30. c4 Rfc8 31. cxd5 Rc2 32.
Nc4 Rxc1 33. Rxc1 Nxc4 34. bxc4 a4 35. e4 a3 36. Qxa7 1-0

[Event "*** Titled Tuesday Blitz"]
[Site "Chess.com"]
[Date "2020.10.27"]
[Round "6"]
[White "albi1999"]
[Black "RobPeresian"]
[Result "1-0"]
[WhiteElo "2619"]
[BlackElo "2431"]
[TimeControl "180+1"]
[EndTime "11:06:22 PDT"]
[Termination "albi1999 won by resignation"]

1. d4 Nf6 2. c4 e6 3. Nf3 d5 4. g3 dxc4 5. Bg2 Nc6 6. Qa4 Bb4+ 7. Bd2 Nd5 8. Bxb4 Nxb4 9. Na3 Rb8 10. O-O a6 11. Ne5 O-O 12. Nxc6 Nxc6 13. Bxc6 bxc6 14.
Nxc4 Qxd4 15. Rfd1 Qc5 16. Rac1 Qb5 17. Qc2 c5 18. Rd2 Bb7 19. b3 Ba8 20. Ne3 Qb4 21.
Rd7 f5 22. Qxc5 f4 23. Qxb4 Rxb4 24. Rcxc7 Be4 25. gxf4 Rxf4 26. Rxg7+ Kh8 27. Rge7 Rf8 28. f3 Bg6 29. Rxe6 a5 30. Ra6 Re8 31. Kf2 Rh4 32.
Kg3 Rh5 33. Ng4 Rxe2 34. Ra8+ Re8 35. Rxe8+ Bxe8 36. Rc8 1-0